 Dungeon Crawl Stone Soup version 0.30.0-5-g1a98f26d00 (webtiles) character file.

Game seed: 9882194238068543734

847 djent the Slasher (level 7, -4/54 (63) HPs)
             Began as an Armataur Reaver on May 12, 2023.
             Slain by a gnoll
             ... wielding a +0 club
              (7 damage)
             ... on level 6 of the Dungeon.
             The game lasted 00:20:17 (4058 turns).

djent the Slasher (Armataur Reaver)                 Turns: 4058, Time: 00:20:19

HP:   -4/54 (63)    AC:  2    Str: 19    XL:     7   Next: 68%
MP:   7/12          EV:  9    Int: 18    God:
Gold: 262           SH:  0    Dex:  9    Spells: 9/13 levels left

rFire   . . .        y - +11 long sword of Woe {heavy, *Corrode Will+ Int+5}
rCold   . . .        (no shield)
rNeg    . . .        b - +0 leather armour
rPois   .            h - +0 helmet
rElec   .            (no cloak)
rCorr   .            H - +0 pair of gloves
SInv    .            (no barding)
Will    +....        (no amulet)
Stlth   +            m - ring of flight
HPRegen 0.29/turn    (no ring)
MPRegen 0.13/turn

%: corrode self (3%), roll
@: corroded, immotile, flying, very slightly contaminated, heavily drained
A: large, rugged brown scales 3, deformed body, armoured tail, roll, long
tongue, awkward tongue
a: no special abilities


You were on level 6 of the Dungeon.
You visited 1 branch of the dungeon, and saw 6 of its levels.

You collected 423 gold pieces.
You spent 161 gold pieces at shops.

Inventory:

Hand Weapons
 a - a +0 falchion
 v - a +0 hand axe of holy wrath
 y - the +11 long sword of Woe (weapon) {heavy, *Corrode Will+ Int+5}
   (You bought it in a shop on level 2 of the Dungeon)

   Int:       It affects your intelligence (+5).
   *Corrode:  It may corrode you when you take damage.
   Will:      It increases your willpower.
Missiles
 k - 4 boomerangs
 p - 2 javelins (quivered)
 t - 5 curare-tipped darts
Armour
 b - a +0 leather armour (worn)
 h - a +0 helmet (worn)
 C - the +1 leather armour of Pexer {Contam rPois rF++ rCorr}
   (You found it on level 5 of the Dungeon)

   rF:        It greatly protects you from fire.
   rPois:     It protects you from poison.
   Contam:    It causes magical contamination when unequipped.
   rCorr:     It protects you from acid and corrosion.
 H - a +0 pair of gloves (worn)
Magical Staves
 n - a staff of cold
 w - a staff of poison
Jewellery
 m - a ring of flight (left hand)
 z - an amulet of regeneration
Wands
 q - a wand of polymorph (6)
 r - a wand of roots (13)
 E - a wand of flame (57)
Scrolls
 c - 4 scrolls of vulnerability {unknown}
 d - 2 scrolls of blinking {unknown}
 f - 2 scrolls of fog {unknown}
 g - a scroll of enchant armour {unknown}
 i - a scroll of acquirement {unknown}
 j - 3 scrolls of poison {unknown}
 l - a scroll of enchant weapon {unknown}
 o - 2 scrolls of fear {unknown}
 s - 4 scrolls of identify {unknown}
 u - 2 scrolls of immolation {unknown}
 G - 2 scrolls of brand weapon {unknown}
Potions
 e - a potion of might
 x - a potion of curing {unknown}
 A - 2 potions of haste {unknown}
 B - a potion of attraction {unknown}
 D - a potion of mutation {unknown}
 F - a potion of cancellation {unknown}


   Skills:
 + Level 4.1 Fighting
 + Level 4.6 Long Blades
 - Level 1.3 Dodging
 + Level 3.7 Spellcasting
 + Level 4.5 Conjurations
 + Level 2.2 Earth Magic


You had 9 spell levels left.
You knew the following spells:

 Your Spells              Type           Power      Damage    Failure   Level
a - Kiss of Death         Conj/Necr      44%        2d8       7%          1
b - Momentum Strike       Conj/Tloc      22%        3d8       11%         2
c - Sandblast             Erth           22%        2d7       7%          1

Your spell library contained the following spells:

 Spells                   Type           Power      Damage    Failure   Level
 Stone Arrow              Conj/Erth      30%        3d8       13%         3
 Passwall                 Tmut/Erth      5%         N/A       17%         2
 Apportation              Tloc           6%         N/A       19%         1
 Beastly Appendage        Tmut           6%         N/A       19%         1
 Necrotise                Necr           12%        1d4       19%         1
 Summon Small Mammal      Summ           12%        N/A       19%         1
 Hailstorm                Conj/Ice       11%        3d5       22%         3
 Wereblood                Tmut           3%         N/A       26%         2
 Call Canine Familiar     Summ           3%         N/A       47%         3
 Portal Projectile        Hex/Tloc       6%         N/A       47%         3
 Spider Form              Tmut/Pois      3%         N/A       47%         3
 Summon Guardian Golem    Hex/Summ       3%         N/A       47%         3
 Leda's Liquefaction      Hex/Erth       3%         N/A       75%         4


Dungeon Overview and Level Annotations

Branches:
Dungeon (6/15)
 Temple: D:4-7

Altars:

Shops:
D:2 (

Annotations:
D:4 exclusions: downstairs, upstairs and 1 more exclusion, Dowan, Duvessa
D:5 1 exclusion


Innate Abilities, Weirdness & Mutations

You are completely covered in rugged brown scales. (AC +3, +7% HP)
Armour fits poorly on your strangely shaped body.
You have a long armoured tail.
You roll when moving toward enemies. (Rampage)
Your long tongue fully drains potion bottles. (2x potion effects)
Your tongue gives you trouble enunciating. (1.5x scroll delay)


Message History

Press: ? - help, Dir - move target, f - gnoll
Aim: a gnoll, wielding a +0 halberd and quivering a throwing net (72% to hit)
You miscast Momentum Strike.
You are very lightly contaminated with residual magic.
Nothing appears to happen.
The gnoll hits you but does no damage. The gnoll hits you with a +0 flail.
The gnoll hits you from afar with a +0 halberd!
* * * LOW HITPOINT WARNING * * *
Unknown command.
Casting: Momentum Strike (safe; 11% risk of failure)
Confirm with . or Enter, or press ? or * to list all spells.
Aiming: Momentum Strike (safe; 11% risk of failure)
Press: ? - help, Dir - move target, f/p - gnoll
Aim: a gnoll, wielding a +0 halberd and quivering a throwing net (72% to hit)
The concentrated momentum hits the gnoll!
You kill the gnoll!
You are unable to move.
The gnoll hits you with a +0 club.
* * * LOW HITPOINT WARNING * * *
The gnoll hits you with a +0 flail.
* * * LOW HITPOINT WARNING * * *
Press: ? - help, v - describe, . - travel
Here: a gnoll, wielding a +0 flail The floor.
You slash the gnoll! Your punch misses the gnoll.
The gnoll is severely wounded.
The gnoll closely misses you. The gnoll hits you with a +0 flail.
* * * LOW HITPOINT WARNING * * *
The gnoll hits you but does no damage. The gnoll hits you with a +0 flail!
* * * LOW HITPOINT WARNING * * *
Your corrosive artefact corrodes you!
Okay, then.
Casting: Momentum Strike (safe; 11% risk of failure)
Confirm with . or Enter, or press ? or * to list all spells.
Aiming: Kiss of Death (safe; 7% risk of failure)
Press: ? - help, Shift-Dir - straight line, f - gnoll
Aim: a gnoll, wielding a +0 flail (severely wounded, 100% to hit)
The negative energy hits the gnoll!
The gnoll is drained!
You kill the gnoll!
You feel drained. The gnoll hits you with a +0 club!
You die...

#....#.............. #
#...#..###......... ..
#...##........ ....
###........... ....
##....#......# ....
##............## . ....
#.....#........# ## ...
...#
###.####.......##)#.....
### #.......!.@g).....
#.....#..#####.....
#.....#..# ##.
#.....##..# ##....#..##
###...... #.....##
.....##


You could see a gnoll.

Vanquished Creatures
  A black bear (D:5)
  2 ice beasts
  A centaur (D:6)
  A howler monkey (D:5)
  A jelly (D:6)
  Terence (D:2)
  2 sleepcaps (D:5)
  3 iguanas (D:5)
  2 orc wizards
  Robin (D:3)
  7 adders
  6 gnolls (D:6)
  A dart slug (D:2)
  16 orcs
  7 ball pythons
  9 endoplasms
  3 giant cockroaches
  11 goblins
  7 hobgoblins
  A jackal (D:4)
  9 kobolds
  3 quokkas
  5 bats
  5 frilled lizards
  5 rats
110 creatures vanquished.

Notes
Turn   | Place    | Note
-------+----------+-------------------------------------------
     0 | D:1      | djent the Armataur Reaver began the quest for the Orb.
     0 | D:1      | Reached XP level 1. HP: 18/18 MP: 3/3
   335 | D:1      | Reached XP level 2. HP: 22/25 MP: 4/4
   726 | D:2      | Reached XP level 3. HP: 26/31 MP: 6/6
   732 | D:2      | Learned a level 2 spell: Momentum Strike
   734 | D:2      | Learned a level 1 spell: Sandblast
   768 | D:2      | Noticed Terence
   787 | D:2      | Killed Terence
  1013 | D:2      | Reached XP level 4. HP: 33/38 MP: 7/7
  1141 | D:2      | Found Lolauden's Antique Weapon Shop.
  1834 | D:2      | Bought a translucent long sword for 161 gold pieces
  1834 | D:2      | Identified the +11 long sword of Woe {heavy, *Corrode Will+
                  | Int+5} (You bought it in a shop on level 2 of the Dungeon)
  1858 | D:3      | Reached XP level 5. HP: 36/37 MP: 8/8
  1911 | D:3      | Found a faded altar of an unknown god.
  1976 | D:3      | Noticed Robin
  1997 | D:3      | Killed Robin
  2287 | D:4      | Noticed Duvessa
  2287 | D:4      | Noticed Dowan
  2612 | D:4      | Noticed a black bear
  2682 | D:5      | Entered Level 5 of the Dungeon
  2692 | D:5      | Noticed a black bear
  2707 | D:5      | Identified the +1 leather armour of Pexer {Contam rPois
                  | rF++ rCorr}
  2787 | D:5      | Reached XP level 6. HP: 41/54 MP: 10/10
  2943 | D:5      | Noticed an ice beast
  2947 | D:5      | Killed an ice beast
  3135 | D:5      | Reached skill level 1 in Earth Magic
  3469 | D:5      | Reached XP level 7. HP: 49/62 MP: 8/12
  4057 | D:6      | HP: 2/63 [gnoll/+0 flail (7)]
  4058 | D:6      | Slain by a gnoll

Illustrated notes

Levels and vault maps discovered:
D:1:      lightli_arrival_statuegarden, layout_basic
D:2:      wad_crossroads, layout_basic, serial_shops,
          nicolae_shop_overgrown_old_shop, uniq_terence
D:3:      layout_rooms, hellmonk_ecumenical_altar_lost_god, uniq_robin
D:4:      minmay_door_path, layout_rooms, temple_doors_e,
          nicolae_underground_beach, uniq_duvessa
D:5:      layout_loops_corners, nicolae_overflow_hidden_temple, grunt_tough_drop
D:6:      layout_cave_pools, serial_shops, nicolae_shop_just_a_little_nook

Skill      XL: |  1  2  3  4  5  6  7 |
---------------+----------------------+-----
Fighting       | 2 3 4 |  4.1
Spellcasting   | 2 3 |  3.7
Long Blades    | 3 4 |  4.6
Conjurations   | 3 4 |  4.5
Earth Magic    | 1 2 |  2.2
Dodging        | |  1.3

Action                     |  1- 3 |  4- 6 |  7- 9 || total
---------------------------+-------+-------+-------++-------
  Melee: Falchion          |    96 |   100 |       ||   196
         Tailslap          |     9 |    14 |     2 ||    25
         Long sword        |       |    78 |    18 ||    96
         Punch             |       |     1 |       ||     1
  Throw: Javelin           |       |     3 |     2 ||     5
   Cast: Kiss of Death     |     1 |     2 |     1 ||     4
         Momentum Strike   |       |     4 |     4 ||     8
  Evoke: Wand              |       |     2 |       ||     2
    Use: Potion            |       |     4 |       ||     4
 Armour: Leather armour    |    36 |    73 |    11 ||   120
         Skin              |       |    39 |       ||    39
  Dodge: Dodged            |    42 |   101 |     9 ||   152
